 Dungeon Crawl Stone Soup version 0.19.0 (webtiles) character file.

498 PurpleRed the Chopper (level 6, -8/57 HPs)
             Began as a Minotaur Fighter on Nov 5, 2016.
             Mangled by Menkaure (19 damage)
             ... on level 4 of the Dungeon.
             The game lasted 00:02:21 (2804 turns).

PurpleRed the Chopper (Minotaur Fighter)            Turns: 2804, Time: 00:02:22

Health: -8/57      AC: 12    Str: 23    XL:     6   Next: 94%
Magic:  5/5        EV:  4    Int:  5    God:
Gold:   142        SH:  9    Dex:  9    Spells: 0 memorised, 5 levels left

rFire  . . .     SeeInvis .     a - +0 war axe
rCold  . . .     Gourm    .     m - +0 plate armour
rNeg   . . .     Faith    .     c - +0 shield
rPois  .         Spirit   .     (helmet restricted)
rElec  .         Reflect  .     (no cloak)
rCorr  .         Harm     .     (no gloves)
MR     .....                    (no boots)
Stlth  ..........               (no amulet)
                                (no ring)
                                (no ring)

@: no status effects
A: retaliatory headbutt, horns 2
a: no special abilities


You were on level 4 of the Dungeon.
You were not hungry.

You visited 1 branch of the dungeon, and saw 4 of its levels.

You collected 142 gold pieces.

Inventory:

Hand Weapons
 a - a +0 war axe (weapon)
Armour
 c - a +0 shield (worn)
 m - a +0 plate armour (worn)
Scrolls
 d - a scroll of recharging {unknown}
 e - 2 scrolls of fear {unknown}
 h - 4 scrolls of identify {unknown}
 i - 2 scrolls of amnesia {unknown}
 k - a scroll of random uselessness {unknown}
 o - a scroll of teleportation {unknown}
Potions
 g - 4 potions of curing {unknown}
 j - a potion of degeneration {unknown}
 l - 3 potions of heal wounds {unknown}
Comestibles
 b - a meat ration
 f - 3 bread rations
 n - a slice of pizza
 p - a fruit


   Skills:
 + Level 5.9 Fighting
 * Level 7.0 Axes
 + Level 4.9 Armour
 - Level 3.6 Shields


You had 5 spell levels left.
You didn't know any spells.

Dungeon Overview and Level Annotations

Branches:
Dungeon (4/15)
 Temple: D:4-7

Altars:
Ashenzari
Fedhas
Hepliaklqana
Ru
Sif Muna

Annotations:
D:4 Menkaure


Innate Abilities, Weirdness & Mutations

You reflexively headbutt those who attack you in melee.
You have a pair of horns on your head.


Message History

Your body is wracked with pain!
Menkaure hits you but does no damage.
You see here a leather armour.
Your shield and plate armour prevent you from hitting Menkaure.
You hit Menkaure but do no damage. You block Menkaure's attack.
Your plate armour prevents you from hitting Menkaure.
You block Menkaure's attack.
Your shield and plate armour prevent you from hitting Menkaure.
Menkaure mumbles some strange words.
Menkaure seems to speed up.
Menkaure hits you.
You hit Menkaure. You headbutt Menkaure.
Menkaure is lightly damaged.
Menkaure hits you!
You hit Menkaure. You headbutt Menkaure.
Menkaure is moderately damaged.
Menkaure calls on the powers of darkness!
Your body is wracked with pain!
* * * LOW HITPOINT WARNING * * *
Menkaure hits you!!
You die...

# . . .# #. ##. #.#
.. ... ##!# #.##..#
#....## ###...## ..
#.@.#..### ...
#M####...##...
#.###.........
#.#...###.....
###.....(......#
#.............##
##...####..#...##
#....####......>.
####................


You could see Menkaure.

Vanquished Creatures
  Sigmund (D:2)
  A hound (D:3)
  3 orc wizards (D:3)
  An iguana (D:4)
  Ijyb (D:2)
  A worker ant (D:4)
  Robin (D:2)
  6 adders
  3 worms
  A dart slug (D:2)
  A leopard gecko (D:1)
  7 orcs (D:3)
  2 ball pythons (D:3)
  2 giant cockroaches
  15 goblins
  8 hobgoblins
  6 jackals (D:3)
  10 kobolds
  A quokka (D:2)
  6 bats
  A frilled lizard (D:2)
  3 rats
81 creatures vanquished.

Vanquished Creatures (others)
  An orc (D:4)
1 creature vanquished.

Grand Total: 82 creatures vanquished

Notes
Turn   | Place    | Note
-------+----------+-------------------------------------------
     0 | D:1      | PurpleRed the Minotaur Fighter began the quest for the Orb.
     0 | D:1      | Reached XP level 1. HP: 19/19 MP: 0/0
   526 | D:1      | Reached XP level 2. HP: 27/27 MP: 1/1
   630 | D:1      | Reached skill level 3 in Axes
  1003 | D:2      | Reached XP level 3. HP: 32/33 MP: 2/2
  1006 | D:2      | Noticed Sigmund
  1013 | D:2      | Killed Sigmund
  1013 | D:2      | Reached skill level 5 in Fighting
  1013 | D:2      | Reached skill level 5 in Axes
  1013 | D:2      | Reached XP level 4. HP: 25/42 MP: 3/3
  1013 | D:2      | Reached XP level 5. HP: 29/48 MP: 4/4
  1194 | D:2      | Found a hazy altar of Hepliaklqana.
  1196 | D:2      | Found a blossoming altar of Fedhas.
  1243 | D:2      | Noticed Robin
  1247 | D:2      | Noticed Ijyb
  1258 | D:2      | Killed Ijyb
  1259 | D:2      | Killed Robin
  1477 | D:2      | Found a sacrificial altar of Ru.
  1488 | D:2      | Reached skill level 6 in Axes
  1624 | D:2      | Found a deep blue altar of Sif Muna.
  1971 | D:3      | Reached XP level 6. HP: 56/56 MP: 5/5
  2587 | D:3      | Found a shattered altar of Ashenzari.
  2729 | D:4      | Reached skill level 7 in Axes
  2796 | D:4      | Noticed Menkaure
  2804 | D:4      | Mangled by Menkaure

Skill      XL: |  1  2  3  4  5  6 |
---------------+-------------------+-----
Fighting       | 4 5 |  5.9
Axes           | 3 5 6 7 |  7.0
Armour         | 4 |  4.9
Shields        | |  3.6

Action                   |  1- 3 |  4- 6 || total
-------------------------+-------+-------++-------
Melee: War axe           |    55 |   140 ||   195
       Headbutt          |     6 |    23 ||    29
  Use: Potion            |     1 |       ||     1
  Eat: Chunk             |       |     6 ||     6
Armor: Scale mail        |    19 |       ||    19
       Plate armour      |       |    91 ||    91
Dodge: Dodged            |    16 |    25 ||    41
Block: Shield            |    25 |    73 ||    98
